 Dungeon Crawl Stone Soup version 0.28-a0-1447-ga5a8893891 (webtiles) character file.

Game seed: 4255776767427847265

63 herbaltea the Grave Robber (level 3, -2/26 HPs)
             Began as a Mummy Necromancer on Jan 11, 2022.
             Killed from afar by Sigmund (4 damage)
             ... with a magic dart
             ... on level 2 of the Dungeon.
             The game lasted 00:03:42 (1360 turns).

herbaltea the Grave Robber (Mummy Necromancer)      Turns: 1360, Time: 00:03:42

Health: -2/26      AC:  6    Str: 11    XL:     3   Next: 87%
Magic:  7/7        EV: 13    Int: 16    God:
Gold:   69         SH:  0    Dex: 12    Spells: 6/8 levels left

rFire   x . .      SeeInvis .   j - +0 mace
rCold   + . .      Faith    .   (no shield)
rNeg    + + +      Spirit   .   k - +0 scale mail
rPois   ∞          Reflect  .   (no helmet)
rElec   .          Harm     .   (no cloak)
rCorr   .          Rampage  .   (no gloves)
Will    .....                   (no boots)
Stlth   ..........              (no amulet)
HPRegen 0.08/turn               f - +4 ring of evasion
MPRegen 0.10/turn               (no ring)

@: no status effects
A: cold resistance 1, negative energy resistance 3, torment resistance 2, heat
vulnerability 1, no potions
a: no special abilities


You were on level 2 of the Dungeon.
You visited 1 branch of the dungeon, and saw 2 of its levels.

You collected 69 gold pieces.

Inventory:

Hand Weapons
 e - a +0 dagger
 j - a +0 mace (weapon)
Missiles
 b - 28 stones
 d - 56 bolts
 g - 35 sling bullets
 l - 26 arrows
Armour
 a - a +0 robe
 c - a +0 ring mail
 k - a +0 scale mail (worn)
 m - a +0 leather armour
Magical Staves
 h - a staff of earth
Jewellery
 f - a +4 ring of evasion (left hand)
Scrolls
 i - 2 scrolls of identify {unknown}


   Skills:
 + Level 1.2 Fighting
 + Level 2.0 Dodging
 + Level 2.0 Stealth
 + Level 3.2 Spellcasting
 * Level 4.6 Necromancy


You had 6 spell levels left.
You knew the following spells:

 Your Spells              Type           Power      Damage    Failure   Level
b - Pain                  Necr           68%        1d7       17%         1
z - Animate Skeleton      Necr           34%        N/A       17%         1

Your spell library contained the following spells:

 Spells                   Type           Power      Damage    Failure   Level
 Vampiric Draining        Necr           17%        2d7       45%         3
 Animate Dead             Necr           8%         N/A       86%         4
 Agony                    Necr           17%        N/A       99%         5


Dungeon Overview and Level Annotations

Branches:
Dungeon (2/15)

Altars:

Annotations:
D:2 Sigmund


Innate Abilities, Weirdness & Mutations

You are immune to poison.
Your flesh is cold resistant. (rC+)
You are immune to negative energy. (rN+++)
You are immune to unholy pain and torment.
You are vulnerable to heat. (rF-)
You do not drink.


Message History

You closely miss the hobgoblin. The hobgoblin closely misses you.
The hobgoblin misses you.
You barely miss the hobgoblin. The hobgoblin barely misses you.
You completely miss the hobgoblin.
The hobgoblin hits you but does no damage.
The hobgoblin hits you.
You hit the hobgoblin.
You kill the hobgoblin!
No target in view!
You open the door.
There is an open door here.
You open the door.
There is an open door here.
d - 56 bolts (gained 29)
Found a stone staircase leading down.
Found a leather armour.
You see here a +0 leather armour.
m - a +0 leather armour Sigmund the Dreaded comes into view.
He is wielding a +3 scythe of venom.
Sigmund shouts!
Sigmund casts a spell at you.
You are confused.
Okay, then.
Sigmund points at you and mumbles some strange words.
The puff of flame hits you! The fire burns you terribly!
Sigmund casts a spell at you.
The magic dart hits you but does no damage.
You bump into the rock wall.
Sigmund says, "Don't worry, I'll kill you fast."
Sigmund gestures at you while chanting. The magic dart hits you.
You're too confused to move!
Sigmund points at you and mumbles some strange words.
The puff of flame hits you! The fire burns you terribly!
* * * LOW HITPOINT WARNING * * *
You bump into the rock wall.
You feel less confused. Sigmund casts a spell at you. The magic dart hits you.
You die...

####..........................#
......#######.###..........?..#
......# #....@...#.#+#....##
......# ##.#####.#.# #.....#
.)....# ######@.# #.#.#.......#
......# #.......# #...###.....#
......###.......######## ......#
......'.'............... ........
......###....)^!@##.###.#.###.#..
......# #......#<# #. .#.#
#########......#.## ###.#.# .# #
#............#.......#
#.##.....###.##.....###
#####.#####'###...#.......
#..!#.#####.#.....#.....#
#.#.......#.#.#...#.....#
#.....<.....#.#.........#


You could see Sigmund.

Vanquished Creatures
  Terence (D:2)
  A gnoll (D:1)
  2 dart slugs (D:1)
  2 ball pythons (D:1)
  An endoplasm (D:1)
  3 goblins
  2 hobgoblins (D:2)
  3 jackals (D:1)
  A kobold (D:2)
  A quokka (D:2)
  A bat (D:1)
  3 frilled lizards (D:1)
  A rat (D:2)
  A spectral goblin (D:1)
23 creatures vanquished.

Notes
Turn   | Place    | Note
-------+----------+-------------------------------------------
     0 | D:1      | herbaltea the Mummy Necromancer began the quest for the
                  | Orb.
     0 | D:1      | Reached XP level 1. HP: 13/13 MP: 4/4
    10 | D:1      | Learned a level 1 spell: Animate Skeleton
   219 | D:2      | Noticed Terence
   311 | D:1      | Reached XP level 2. HP: 20/20 MP: 2/5
   440 | D:1      | Found a faded altar of an unknown god.
   614 | D:1      | Reached XP level 3. HP: 18/25 MP: 0/7
   880 | D:1      | Reached skill level 1 in Fighting
   979 | D:2      | Killed Terence
  1337 | D:2      | Noticed Sigmund
  1341 | D:2      | HP: 1/26 [Sigmund/puff of flame (10)]
  1360 | D:2      | Killed from afar by Sigmund

Illustrated notes

Levels and vault maps discovered:
D:1:      dpeg_arrival_water_temple_mockup, layout_rooms,
          dreamdust_ecumenical_altar_drowned_temple
D:2:      layout_basic, minmay_misc_feat_doors, uniq_sigmund, uniq_terence

Skill      XL: |  1  2  3 |
---------------+----------+-----
Spellcasting   | 3 |  3.2
Fighting       | 1 |  1.2
Dodging        | 2 |  2.0
Stealth        | 2 |  2.0
Necromancy     | |  4.6

Action                   || total
-------------------------++-------
Melee: Unarmed           ||     1
       Dagger            ||    31
       Club              ||     6
       Mace              ||     8
 Cast: Pain              ||    29
       Animate Skeleton  ||     1
 Stab: Distracted        ||     1
Armor: Ring mail         ||    14
       Scale mail        ||     3
Dodge: Dodged            ||    44

Table legend: (Time is in decaauts)
 A = Elapsed time spent in this place.
 B = Non-inter-level travel time spent in this place.
 C = Inter-level travel time spent in this place.
 D = Time resting spent in this place.
 E = Time spent auto-exploring this place.
 F = Levels seen in this place.
 G = Mean time per level.
                   A        B        C        D        E       F      G
               +--------+--------+--------+--------+--------+-----+--------+
         Total |   1366 |   1301 |     65 |    345 |    614 |   2 |  683.0 |
       Dungeon |   1366 |   1301 |     65 |    345 |    614 |   2 |  683.0 |
               +--------+--------+--------+--------+--------+-----+--------+

Top non-repeatable levels by time:
     D:1: 819 daAuts
     D:2: 547 daAuts
